 Dungeon Crawl Stone Soup version 0.20-a0-633-gff4aa5c (webtiles) character file.

112 polly the Shield-Bearer (level 4, -7/29 HPs)
             Began as a Gargoyle Fighter on Feb 12, 2017.
             Mangled by polly's ghost (10 damage)
             ... on level 3 of the Dungeon.
             The game lasted 00:02:14 (1474 turns).

polly the Shield-Bearer (Gargoyle Fighter)          Turns: 1474, Time: 00:02:15

Health: -7/29      AC: 10    Str: 21    XL:     4   Next: 95%
Magic:  4/4        EV:  7    Int:  8    God:
Gold:   88         SH:  9    Dex:  9    Spells: 3/3 levels left

rFire    . . .     SeeInvis .   s - +0 flail (holy)
rCold    . . .     Gourm    .   b - +0 scale mail
rNeg     + . .     Faith    .   c - +0 shield
rPois    ∞         Spirit   .   (no helmet)
rElec    +         Reflect  .   (no cloak)
rCorr    .         Harm     .   (no gloves)
MR       .....                  (no boots)
Stlth    ..........             (no amulet)
Regen    0.1/turn               (no ring)
                                (no ring)

@: no status effects
A: negative energy resistance 1, electricity resistance, unbreathing,
petrification resistance, rot immunity, AC +3
a: no special abilities


You were on level 3 of the Dungeon.
You were hungry.

You visited 1 branch of the dungeon, and saw 3 of its levels.

You collected 88 gold pieces.

Inventory:

Hand Weapons
 s - a +0 flail of holy wrath (weapon)
Armour
 b - a +0 scale mail (worn)
 c - a +0 shield (worn)
Jewellery
 j - a cursed ring of loudness {unknown}
Scrolls
 e - a scroll of fog {unknown}
 g - 3 scrolls of identify {unknown}
 h - 2 scrolls of remove curse {unknown}
 l - a scroll of random uselessness {unknown}
 n - a scroll of teleportation {unknown}
 o - a scroll of fear {unknown}
Potions
 d - a potion of might
 i - a potion of mutation {unknown}
 k - a potion of flight {unknown}
 m - a potion of haste {unknown}
 p - a potion of heal wounds {unknown}
Comestibles
 f - 4 bread rations
 q - a royal jelly
 r - 3 fruits


   Skills:
 + Level 3.7 Fighting
 + Level 3.1 Maces & Flails
 + Level 4.1 Armour
 + Level 0.2 Dodging
 + Level 0.2 Stealth
 + Level 4.2 Shields


You had 3 spell levels left.
You didn't know any spells.

Dungeon Overview and Level Annotations

Branches:
Dungeon (3/15)

Altars:

Annotations:
D:3 polly's ghost, novice OgBe


Innate Abilities, Weirdness & Mutations

You are resistant to torment.
Your stone body is resilient. (AC +3)
You are immune to poison.
You resist negative energy. (rN+)
You are resistant to electric shocks. (rElec)
You can survive without breathing.
You are immune to petrification.
You are immune to rotting.


Message History

Polly's ghost closely misses you.
You closely miss polly's ghost.
Polly's ghost is severely damaged.
You block polly's ghost's attack.
You hit polly's ghost.
Polly's ghost convulses.
Polly's ghost is severely damaged.
Polly's ghost hits you but does no damage.
You block polly's ghost's attack.
You hit polly's ghost.
Polly's ghost convulses.
Polly's ghost is almost destroyed.
Polly's ghost whispers, "Meet the emptiness of death!"
Polly's ghost closely misses you.
You hit polly's ghost.
Polly's ghost convulses.
Polly's ghost is almost destroyed.
Polly's ghost hits you!
* * * LOW HITPOINT WARNING * * *
You barely miss polly's ghost.
Polly's ghost is almost destroyed.
Polly's ghost hits you!
You die...

..#.# # #>#.# .#.#
#.#.# .#. #.#.# ..
#.#.#
######.##########.#.#
...................#
######)W..# ######>###
.......@..# #.# #
######...###########.#
#
...$....(...........#
#
#####################
# # ##########
.........#
##########.#
............


You could see polly's ghost.

Vanquished Creatures
  4 adders
  2 oozes
  2 dart slugs (D:1)
  4 leopard geckos
  4 orcs (D:3)
  6 bats
  2 giant cockroaches
  6 goblins
  5 hobgoblins
  8 jackals
  A quokka (D:3)
  2 frilled lizards
  3 kobolds
  5 rats
54 creatures vanquished.

Notes
Turn   | Place    | Note
-------+----------+-------------------------------------------
     0 | D:1      | polly the Gargoyle Fighter began the quest for the Orb.
     0 | D:1      | Reached XP level 1. HP: 14/14 MP: 1/1
   110 | D:1      | Reached XP level 2. HP: 15/19 MP: 2/2
   467 | D:1      | Reached XP level 3. HP: 18/23 MP: 3/3
   790 | D:2      | Reached XP level 4. HP: 20/28 MP: 4/4
  1461 | D:3      | Noticed polly's ghost (novice OgBe)
  1474 | D:3      | Mangled by polly's ghost

Vault maps used:
D:1:      minmay_arrival_four_houses
D:2:      minmay_tetromino_i2

Skill      XL: |  1  2  3  4 |
---------------+-------------+-----
Shields        | 4 |  4.2
Maces & Flails | 3 |  3.1
Armour         | 4 |  4.1
Fighting       | |  3.7
Dodging        | |  0.2
Stealth        | |  0.2

Action                   |  1- 3 |  4- 6 || total
-------------------------+-------+-------++-------
Melee: Flail             |   156 |   119 ||   275
  Eat: Chunk             |       |     2 ||     2
Armor: Scale mail        |    97 |    58 ||   155
Dodge: Dodged            |    55 |    40 ||    95
Block: Shield            |    97 |    84 ||   181
